 Dungeon Crawl Stone Soup version 0.31-a0-472-g43a2ca8e1b (webtiles) character file.

Game seed: 10567629893686989318

286 Ethylacetat the Changeling (level 6, -2/42 HPs)
             Began as an Octopode Shapeshifter on Aug 5, 2023.
             Shot with a sling bullet by a gnoll (10 damage)
             ... on level 3 of the Dungeon.
             The game lasted 00:04:00 (2193 turns).

Ethylacetat the Changeling (Octopode Shapeshifter)  Turns: 2193, Time: 00:04:00

Health: -2/42      AC:  1    Str: 14    XL:     6   Next: 30%
Magic:  6/6        EV: 13    Int: 10    God:
Gold:   127        SH:  0    Dex: 15    Spells: 5/5 levels left

rFire   . . .        f - +1 dagger (venom)
rCold   . . .        (no shield)
rNeg    . . .        (helmet currently unavailable)
rPois   .            (no amulet)
rElec   .            (no ring)
rCorr   .            (no ring)
SInv    .            (no ring)
Will    .....        (no ring)
Stlth   +++          (no ring)
HPRegen 0.27/turn    (no ring)
MPRegen 0.10/turn    (no ring)
                     (no ring)

%: no passive effects
@: beast-form
A: beast (slay +3), almost no armour, amphibious, 8 rings, camouflage 1,
gelatinous body 1, nimble swimmer 1, tentacles
a: Begin Untransformation


You were on level 3 of the Dungeon.
You were a hulking beast.
You visited 1 branch of the dungeon, and saw 3 of its levels.

You collected 127 gold pieces.

Inventory:

Hand Weapons
 f - a +1 dagger of venom (weapon)
Talismans
 b - a beast talisman (active)
Scrolls
 c - 4 scrolls of identify {unknown}
 d - 4 scrolls of teleportation {unknown}
 e - 3 scrolls of revelation {unknown}
 g - a scroll of silence {unknown}
 i - a scroll of immolation {unknown}
 j - a scroll of noise {unknown}
 p - a scroll of blinking {unknown}
 r - a scroll of enchant weapon {unknown}
 s - a scroll of amnesia {unknown}
 t - a scroll of torment {unknown}
 u - a scroll of fog {unknown}
Potions
 a - a potion of lignification
 h - a potion of attraction {unknown}
 k - a potion of cancellation
 l - a potion of haste {unknown}
 m - a potion of resistance {unknown}
 o - 2 potions of magic {unknown}
 q - 2 potions of berserk rage {unknown}
 v - a potion of ambrosia {unknown}


   Skills:
 + Level 3.1 Fighting
 - Level 2.0 Dodging
 + Level 4.2 Unarmed Combat
 * Level 4.7 Shapeshifting


You had 5 spell levels left.
You didn't know any spells.
Your spell library contained the following spells:

 Spells                   Type           Power      Damage    Failure   Level
 Summon Small Mammal      Summ           0%         N/A       36%         1
 Cigotuvi's Dreadful Rot  Necr/Pois/Air  0%         N/A       50%         2
 Call Canine Familiar     Summ           0%         N/A       75%         3
 Summon Guardian Golem    Hex/Summ       0%         N/A       75%         3
 Dispel Undead            Necr           0%         3d6       98%         4
 Death Channel            Necr           0%         N/A       100%        6


Dungeon Overview and Level Annotations

Branches:
Dungeon (3/15)

Altars:

Shops:
D:3 [


Innate Abilities, Weirdness & Mutations

You are a hulking beast.
Your limbs bulge with bestial killing power. (Slay +3)
You cannot wear most types of armour.
You are amphibious.
You can wear up to eight rings at the same time.
Your skin changes colour to match your surroundings (Stealth+).
Your rubbery body absorbs attacks. (AC +1, EV +1)
You are camouflaged when in or above water. (Stealth+)
You have tentacles for arms and can constrict up to eight enemies at once.


Message History

The gnoll shouts!
You hear a shout!
The gnoll shoots a sling bullet.
The sling bullet misses you.
The gnoll shoots a sling bullet.
The sling bullet barely misses you.
You hear a shout!
You hit the orc but do no damage.
The orc is poisoned.
You grab the orc.
You constrict the orc, but do no damage.
The orc splashes around in the water.
You hit the orc but do no damage. You squeeze the orc.
The orc is heavily wounded.
You constrict the orc.
The gnoll shoots a sling bullet.
The sling bullet hits you.
* * * LOW HITPOINT WARNING * * *
The orc splashes around in the water.
You hear a shout!
You hit the orc but do no damage.
The orc looks as sick as possible!
The orc is almost dead.
You constrict the orc.
You kill the orc!
You hear a splash. x2
The gnoll shoots a sling bullet.
The sling bullet hits you!
* * * LOW HITPOINT WARNING * * *
You feel better.
The gnoll shoots a sling bullet.
The sling bullet barely misses you.
An orc wizard comes into view. It is wielding a +0 dagger.
Items here: )) [[ †.
The orc wizard mumbles some strange words.
The orc wizard flickers and vanishes!
Deactivating autopickup; reactivate with Ctrl-A.
You closely miss the orc. Your grab misses the orc.
The gnoll shoots a sling bullet.
The sling bullet misses you. The orc completely misses you.
You hit the orc.
The orc is poisoned.
Your grab misses the orc. Your squeeze misses the orc.
The orc is heavily wounded.
The gnoll shoots a sling bullet.
The sling bullet closely misses you. The orc barely misses you.
You puncture the orc!
You kill the orc!
The gnoll shoots a sling bullet.
The sling bullet hits you!
You die...

.# .###### ..)...# #####.#
#####.##########################
.........%...)g.†.)......P.....#
~~≈~....~~≈~~~)~)≈≈≈~~≈~~~~....#
≈≈≈~....~≈~~≈≈≈≈≈≈≈≈≈≈≈≈~≈~....#
~~~~....~~~))~g~h)~~#####≈≈....#
..............o)....#.o.#≈~....#
####''''#############...#≈≈....#
... #+###≈≈P...# .. #.~≈~....# ?
#.~≈~....# #.~~~....# #.≈≈≈....#
#.~~~....#


You could see 2 gnolls and an orc.

Vanquished Creatures
  A howler monkey (D:3)
  3 hounds (D:3)
  5 gnolls (D:3)
  4 adders
  A dart slug (D:1)
  5 orcs (D:3)
  2 endoplasms (D:1)
  3 giant cockroaches (D:1)
  7 goblins (D:1)
  3 hobgoblins
  15 jackals
  7 kobolds
  4 ball pythons
  5 bats
  6 frilled lizards
  4 rats
75 creatures vanquished.

Notes
Turn   | Place    | Note
-------+----------+-------------------------------------------
     0 | D:1      | Ethylacetat the Octopode Shapeshifter began the quest for
                  | the Orb.
     0 | D:1      | Reached XP level 1. HP: 13/13 MP: 1/1
    99 | D:1      | Reached XP level 2. HP: 12/18 MP: 2/2
   473 | D:1      | Reached XP level 3. HP: 23/23 MP: 3/3
  1199 | D:2      | Reached XP level 4. HP: 15/29 MP: 4/4
  1802 | D:3      | Found Locve's Armour Boutique.
  1946 | D:3      | Reached XP level 5. HP: 24/35 MP: 5/5
  1986 | D:3      | Reached XP level 6. HP: 12/41 MP: 6/6
  2181 | D:3      | HP: 1/42 [gnoll/sling bullet (5)]
  2187 | D:3      | HP: 2/42 [gnoll/sling bullet (7)]
  2193 | D:3      | Shot with a sling bullet by a gnoll

Illustrated notes

Levels and vault maps discovered:
D:1:      wheals_arrival_linesprint, layout_loops_cross, minmay_misc_feat_cross,
          nrook_loot_triangle, minmay_hexomino_c4
D:2:      layout_loops_ring
D:3:      lemuel_castle_with_subvaults [lemuel_castle_interior_original],
          layout_basic, mainiacjoe_overflow_cross_hatched, serial_shops, shop,
          chequers_serial_rivers_room_a, nicolae_elevator_lobby_asterisk

Skill      XL: |  1  2  3  4  5  6 |
---------------+-------------------+-----
Fighting       | 2 3 |  3.1
Shapeshifting  | 4 |  4.7
Unarmed Combat | 4 |  4.2
Dodging        | |  2.0

Action                     |  1- 3 |  4- 6 || total
---------------------------+-------+-------++-------
  Melee: Unarmed           |    23 |       ||    23
         Constrict         |    16 |    27 ||    43
         Tentacles         |    11 |    16 ||    27
         Dagger            |    37 |    71 ||   108
         Punch             |     1 |     4 ||     5
    Use: Potion            |     1 |     4 ||     5
   Stab: Sleeping          |     8 |     2 ||    10
         Distracted        |     1 |       ||     1
 Armour: Skin              |     3 |     5 ||     8
  Dodge: Dodged            |    26 |    50 ||    76

Table legend: (Time is in decaauts)
 A = Elapsed time spent in this place.
 B = Non-inter-level travel time spent in this place.
 C = Inter-level travel time spent in this place.
 D = Time resting spent in this place.
 E = Time spent auto-exploring this place.
 F = Levels seen in this place.
 G = Mean time per level.
                   A        B        C        D        E       F      G
               +--------+--------+--------+--------+--------+-----+--------+
         Total |   2190 |   2100 |     90 |    110 |   1541 |   3 |  730.0 |
       Dungeon |   2190 |   2100 |     90 |    110 |   1541 |   3 |  730.0 |
               +--------+--------+--------+--------+--------+-----+--------+

Top non-repeatable levels by time:
     D:1: 1018 daAuts
     D:2: 696 daAuts
     D:3: 475 daAuts
